 Dungeon Crawl Stone Soup version 0.28.0 (webtiles) character file.

Game seed: 9239201317060084308

3 AmazingTV the Sneak (level 1, -1/10 HPs)
             Began as a Spriggan Brigand on June 26, 2022.
             Slain by a hobgoblin (3 damage)
             ... on level 1 of the Dungeon on June 27, 2022.
             The game lasted 00:01:53 (132 turns).

AmazingTV the Sneak (Spriggan Brigand)               Turns: 132, Time: 00:01:53

Health: -1/10      AC:  3    Str:  7    XL:     1   Next: 41%
Magic:  2/2        EV: 31    Int: 12    God:
Gold:   26         SH:  0    Dex: 16    Spells: 0/0 levels left

rFire   . . .      SeeInvis +   a - +2 dagger
rCold   . . .      Faith    .   (no shield)
rNeg    . . .      Spirit   .   b - +0 robe
rPois   .          Reflect  .   (helmet restricted)
rElec   .          Harm     .   c - +0 cloak
rCorr   .          Rampage  .   (gloves unavailable)
Will    .....                   (boots unavailable)
Stlth   +++.......              g - amulet of the acrobat
HPRegen 0.03/turn               (no ring)
MPRegen 0.08/turn               (no ring)

@: acrobatic, very quick
A: very small, no large weapons, unfitting armour, see invisible, speed 3
a: no special abilities


You were on level 1 of the Dungeon.
You visited 1 branch of the dungeon, and saw 1 of its levels.

You collected 26 gold pieces.

Inventory:

Hand Weapons
 a - a +2 dagger (weapon)
 h - a +1 vampiric whip
Missiles
 d - 8 poisoned darts (quivered)
 e - 2 curare-tipped darts
Armour
 b - a +0 robe (worn)
 c - a +0 cloak (worn)
Jewellery
 g - an amulet of the acrobat (around neck)
Scrolls
 f - a scroll of teleportation {unknown}


   Skills:
 + Level 1.6 Fighting
 + Level 2.3 Short Blades
 + Level 0.3(1.5) Slings
 - Level 2.0 Throwing
 - Level 1.3 Dodging
 + Level 5.9 Stealth


You couldn't memorise any spells.
You didn't know any spells.
Your spell library was empty.

Dungeon Overview and Level Annotations

Branches:
Dungeon (1/15)

Altars:


Innate Abilities, Weirdness & Mutations

You are very small and have problems with some larger weapons.
You are too small for most types of armour.
You have supernaturally acute eyesight. (SInv)
You cover ground extremely quickly. (Speed+++)


Message History

The kobold is moderately wounded.
The kobold closely misses you. The quokka completely misses you.
The kobold throws a stone.
The stone closely misses you.
The kobold throws a stone.
The stone completely misses you. The bat barely misses you.
The bat completely misses you.
The kobold throws a stone.
The stone completely misses you.
You closely miss the bat. The bat barely misses you. The bat misses you.
The bat hits you.
You hit the bat.
You kill the bat!
You completely miss the ball python. The ball python misses you.
The ball python closely misses you.
You hit the ball python.
The ball python is moderately wounded.
The ball python barely misses you. The ball python closely misses you.
The quokka closely misses you.
You barely miss the quokka. The quokka misses you.
The ball python completely misses you. The ball python misses you.
You hit the quokka but do no damage. The quokka bites you.
The ball python bites you but does no damage.
The ball python grabs you. The ball python constricts you.
You escape the ball python's grasp.
You barely miss the quokka. The quokka barely misses you.
You barely miss the ball python.
The ball python is moderately wounded.
The ball python closely misses you. The ball python grabs you.
The ball python constricts you.
The ball python's grasp on you weakens, but your attempt to escape fails.
The quokka bites you but does no damage.
The ball python bites you but does no damage.
The ball python constricts you. The quokka bites you.
* * * LOW HITPOINT WARNING * * *
You escape the ball python's grasp.
The kobold throws a stone.
The stone completely misses you.
A goblin comes into view. It is wielding a +0 dagger.
The hobgoblin shouts!
The goblin shouts!
The hobgoblin hits you.
You die...

#....)†.S###..†...........#.
#.##...#.# #................
# #......#.#
#...K......##.#..
#.#####..#r#
##########..###..
#.#........#.####......
#.......
#.#........#...........
#.....##
##.##.#...(.#...#g......
#.....##
#...#.##.##.#.#.#.......
#(......
#...#....##.#.#g@.......
#.......
#...####....#.....J#####
#.......
.....###....###....#
#.......
..<....#...........#
#.....##
.....#......####...# ###....
#...####....# #...# #.....
#...# #....######## #.....
#...# #..........# #.....
##.## #..........# #.....


You could see an endoplasm (wandering), a quokka, a hobgoblin and a goblin.

Vanquished Creatures
  A hobgoblin (D:1)
  A bat (D:1)
  A frilled lizard (D:1)
  A kobold (D:1)
4 creatures vanquished.

Notes
Turn   | Place    | Note
-------+----------+-------------------------------------------
     0 | D:1      | AmazingTV the Spriggan Brigand began the quest for the Orb.
     0 | D:1      | Reached XP level 1. HP: 10/10 MP: 2/2
    82 | D:1      | Found a faded altar of an unknown god.
   132 | D:1      | Slain by a hobgoblin

Illustrated notes

Levels and vault maps discovered:
D:1:      dpeg_arrival_rhombus, layout_basic, hellmonk_ecumenical_altar_blasted

Action                   || total
-------------------------++-------
Melee: Dagger            ||    17
Armor: Robe              ||     5
Dodge: Dodged            ||    26
